 Dungeon Crawl Stone Soup version 0.17.1-3-g152610e (webtiles) character file.

762162 Miyamura the Hoplite (level 27, -4/223 HPs)
             Began as a Formicid Fighter on Mar 2, 2016.
             Was the Champion of Cheibriados.
             Slain by Antaeus
             ... wielding a +6 rod of the swarm (3/14)
              (19 damage)
             ... on level 7 of Cocytus on Mar 3, 2016.
             The game lasted 04:13:14 (83654 turns).

Miyamura the Hoplite (Formicid Fighter)            Turns: 83654, Time: 04:13:15

Health: -4/223     AC: 52    Str: 53    XL:     27
Magic:  39/44      EV: 27    Int: 33    God:    Cheibriados [******]
Gold:   2572       SH: 32    Dex: 25    Spells: 9 memorised, 21 levels left

rFire  . . .     SeeInvis +     b - +6 executioner's axe "Torpheat" {drain, Int+2 Stlth+}
rCold  + + +     Clarity  +     a - +9 plate armour "Pumpet Ipixt" {rN+ MR+ rCorr}
rNeg   + + +     SustAt   +     G - +2 large shield {AC+3}
rPois  ∞         Gourm    .     (helmet unavailable)
rElec  .         Spirit   .     P - +2 cloak {MR+}
rCorr  +         Warding  .     Q - +2 pair of gloves {Str+3}
rMut   .         Stasis   +     d - +2 pair of boots {Fly}
MR     +++++                    t - amulet of clarity
Stlth  ..........               D - ring of Pyromania {SustAt *Confuse Str+7}
                                U - ring "Boiweodgh" {rPois rN+ AC+3 Str+5 Int-3}

@: lich-form, frozen, flying, very slow, almost entirely resistant to hostile
enchantments, extremely unstealthy
A: permanent stasis, dig shafts and tunnels, four strong arms, antennae 3, beak,
molten scales 1, cold resistance 2, subdued magic 1
a: Dig, Shaft Self, End Transformation, Bend Time, Temporal Distortion, Slouch,
Step From Time, Renounce Religion, Stop Flying
}: 4/15 runes: barnacled, slimy, silver, gossamer


You were on level 7 of Cocytus.
You worshipped Cheibriados.
Cheibriados was exalted by your worship.
You were not hungry.
You were a lich.
You visited 13 branches of the dungeon, and saw 67 of its levels.
You visited the Abyss 1 time.
You also visited: Ice Cave.

You collected 9406 gold pieces.
You spent 6834 gold pieces at shops.

Inventory:

Hand Weapons
 b - the +6 executioner's axe "Torpheat" (weapon) {drain, Int+2 Stlth+}
   (You acquired it on level 5 of the Dungeon)

   A truly terrible weapon, it drains the life of those it strikes.
   It affects your intelligence (+2).
   It makes you more stealthy.
 E - a +5 vampiric battleaxe
Missiles
 r - 6 tomahawks of returning (quivered)
Armour
 a - the +9 plate armour "Pumpet Ipixt" (worn) {rN+ MR+ rCorr}
   (You bought it in a shop on level 14 of the Dungeon)

   It protects you from negative energy.
   It affects your resistance to hostile enchantments.
   It protects you from acid and corrosion.
 d - a +2 pair of boots of flying (worn)
 G - a +2 large shield of protection (worn)
 P - a +2 cloak of magic resistance (worn)
 Q - a +2 pair of gloves of strength (worn)
 S - a +1 gold dragon armour
Jewellery
 i - an uncursed ring of protection from magic
 t - an amulet of clarity (around neck)
 D - the ring of Pyromania (right hand) {SustAt *Confuse Str+7}
   (You took it off a deep elf annihilator on level 3 of the Elven Halls)

   [ring of sustain attributes]

   It sustains your strength, intelligence and dexterity.
   It affects your strength (+7).
   It may confuse you when you take damage.
 H - an uncursed ring of protection from fire
 O - the ring "Diam" {rC+ EV+1}
   (You took it off a deep elf demonologist on level 3 of the Elven Halls)

   [ring of evasion]

   It affects your evasion (+1).
   It protects you from cold.
 U - the ring "Boiweodgh" (left hand) {rPois rN+ AC+3 Str+5 Int-3}
   (You took it off a deep elf death mage on level 3 of the Elven Halls)

   [ring of protection]

   It affects your AC (+3).
   It affects your strength (+5).
   It affects your intelligence (-3).
   It protects you from poison.
   It protects you from negative energy.
Wands
 f - a wand of cold (6)
 Y - a wand of fire (9)
Scrolls
 g - 13 scrolls of fog
 k - 4 scrolls of magic mapping
 l - 18 scrolls of remove curse
 s - 3 scrolls of summoning
 y - 13 scrolls of amnesia
 z - 11 scrolls of immolation
 A - 10 scrolls of identify
 B - a scroll of holy word
 C - 19 scrolls of recharging
 N - 9 scrolls of fear
Potions
 c - 3 potions of lignification
 h - 2 potions of resistance
 j - 3 potions of cancellation
 m - 2 potions of heal wounds
 n - 20 potions of curing
 o - a potion of beneficial mutation
 p - 7 potions of magic
 K - 9 potions of flight
 L - 3 potions of brilliance
 W - 2 potions of cure mutation
Miscellaneous
 q - a fan of gales
 w - a phial of floods
 F - an ornate deck of changes {Dowsing}
 I - an ornate deck of defence {the Helm}
 J - a crystal ball of energy
 M - a sack of spiders
 R - a stone of tremors
 V - a disc of storms
 X - a lamp of fire (inert)
Comestibles
 e - 28 bread rations
 u - 3 meat rations
 v - 42 fruits


   Skills:
 - Level 19.7 Fighting
 + Level 18.6 Axes
 - Level 20.2 Armour
 - Level 17.0 Dodging
 - Level 21.2 Shields
 * Level 17.9 Spellcasting
 - Level 12.9 Hexes
 - Level 19.7 Necromancy
 - Level 21.2 Transmutations
 - Level 8.4 Air Magic
 - Level 12.0 Invocations


You had 21 spell levels left.
You knew the following spells:

 Your Spells              Type           Power        Failure   Level  Hunger
a - Airstrike             Air            ######....   1%          4    N/A
f - Cause Fear            Hex            ######....   1%          4    N/A
i - Invisibility          Hex            ######..     1%          6    N/A
n - Necromutation         Trmt/Necr      ########..   2%          8    N/A
s - Song of Slaying       Chrm           ###.....     2%          2    N/A
t - Tukima's Dance        Hex            ######..     0%          3    N/A
D - Deflect Missiles      Chrm/Air       #####.....   69%         6    N/A
R - Repel Missiles        Chrm/Air       #####.       1%          2    N/A
S - Silence               Hex/Air        ######....   1%          5    N/A

Dungeon Overview and Level Annotations

Branches:
Dungeon (15/15)            Temple (1/1) D:4            Lair (8/8) D:9
 Shoals (4/4) Lair:3       Spider (4/4) Lair:4        Slime (6/6) Lair:7
    Orc (4/4) D:10            Elf (3/3) Orc:3        Vaults (5/5) D:13
 Depths (5/5) D:15           Hell (1/1)                 Dis (0/7) Hell
    Coc (7/7) Hell            Zot (4/5) Depths:5
  Crypt: Vaults:2-3     Geh: Hell:1         Tar: Hell:1

Altars:
Ashenzari
Cheibriados
Dithmenos
Elyvilon
Fedhas
Gozag
Kikubaaqudgha
Makhleb
Nemelex Xobeh
Okawaru
Qazlal
Ru
Sif Muna
Trog
Vehumet
Xom
Yredelemnul
Zin
The Shining One
Beogh
Jiyva
Lugonu

Shops:
D:5 ?   D:9 *(?[   D:10 [   D:13 [   D:14 :?[   Orc:1 *   Orc:2 !   Orc:4 [([}
Shoals:4 %   Depths:1 !   Depths:4 *

Portals:
Hell: Lair:8 Depths:1 Depths:2 Depths:3 Depths:4 Depths:5
Abyss: Depths:1 Depths:2 Depths:3 Depths:4 Depths:5
Pandemonium: Depths:3
Ziggurat: Depths:3

Annotations:
Coc:7 Antaeus


Innate Abilities, Weirdness & Mutations

You are under a permanent stasis effect.
You can dig through walls and to a lower floor.
Your four strong arms can wield two-handed weapons with a shield.
You have a pair of large antennae on your head (SInv).
You have a beak for a mouth.
You are partially covered in molten scales (AC +1).
Your flesh is very cold resistant.
Your spells are a little easier to cast, but a little less powerful.


Message History

You slash Antaeus! You peck Antaeus.
Antaeus is almost dead.
Antaeus gestures at you. The flash freeze hits you! You partially resist.
* * * LOW HITPOINT WARNING * * *
You are encased in ice.
Your ettin zombie barely misses Antaeus.
Your ettin zombie hits Antaeus but does no damage.
You strike the helpless Antaeus from a blind spot!
You hit Antaeus but do no damage. You peck Antaeus, but do no damage.
Antaeus is almost dead.
You block Antaeus's attack. Antaeus hits you but does no damage.
Your ettin zombie hits Antaeus!!
Your ettin zombie splashes around in the water.
You strike the helpless Antaeus from a blind spot!
You hit Antaeus but do no damage.
Antaeus is almost dead.
Your ettin zombie dissolves into shadows!
Antaeus hits you with a rod of the swarm!!
You die...

...≈≈....##.......≈≈≈≈≈≈≈≈≈≈≈≈≈≈.
.).≈≈...##.....≈≈≈≈≈≈≈≈≈≈≈≈≈≈≈≈≈≈
..≈≈≈..##....≈≈≈≈≈≈≈≈≈≈≈≈≈≈≈≈≈≈≈≈
..≈≈≈.##....≈≈≈≈≈≈#####≈≈≈≈#####≈
..≈≈≈.##...≈≈≈≈≈≈##,,*##≈≈###..##
..≈≈≈.##...≈≈≈≈≈≈#,,,+,####.'...#
..≈≈≈..#..≈≈≈≈≈≈≈#,,,*+**##'#...#
..≈≈≈≈.#.≈≈≈≈≈≈≈≈#####..*#..#####
..≈≈≈≈.#.≈≈≈≈≈≈≈L'...'.φ*#..'....
..≈≈≈≈.#.≈≈≈≈≈≈≈C'...'..*#..'...'
..≈≈≈..#..≈≈≈≈≈≈≈#####..*#..#####
..≈≈≈.##...≈≈≈≈≈≈#,,,*+**##'#...#
..≈≈≈.##...≈≈≈≈≈≈#,,,+,####.)[..#
..≈≈≈.##....≈≈≈≈≈##,,*##≈≈###..##
..≈≈≈†.##....≈≈≈≈≈#####≈≈≈≈#####≈
...≈≈...##.....≈≈≈≈≈≈≈≈≈≈≈≈≈≈≈≈≈≈
...≈≈..†.##.......≈≈≈≈≈≈≈≈≈≈≈≈≈≈.


You could see Antaeus.

Vanquished Creatures
  the royal jelly (Slime:6)
  Dissolution (Slime:5)
  the Serpent of Hell (Coc:7)
  10 shard shrikes
  Frederick (Vaults:5)
  Margery (Vaults:5)
  2 Killer Klowns (Zot:2)
  4 curse toes
  Geryon (Hell)
  5 golden dragons
  Nikola (Elf:1)
  Jory (Vaults:3)
  the Enchantress (Depths:4)
  6 bone dragons
  4 liches
  Jorgrun (Vaults:3)
  3 electric golems
  21 tentacled monstrosities
  A Hell Sentinel (Coc:7)
  3 deep elf blademasters
  A quicksilver dragon (Vaults:5)
  A titan (Vaults:5)
  15 Ice Fiends
  The ghost of Goblin1989 the Severer, an adept DsGl of Okawaru (Vaults:1)
  A deep elf master archer (Elf:3)
  An eldritch tentacle (Coc:7)
  A quicksilver dragon (shapeshifter) (Depths:5)
  3 octopode crushers (Depths:4)
  A kraken (Shoals:4)
  2 sphinxes
  Polyphemus (Shoals:2)
  29 acid blobs
  8 death cobs
  Frances (D:12)
  Kirke (Lair:5)
  7 tengu reavers
  21 storm dragons
  15 azure jellies
  12 shadow dragons
  8 draconian monks
  Ilsuiw (Shoals:3)
  The ghost of brucemayne the Severer, an adept DsBe of Trog (Slime:6)
  Wiglaf (Vaults:5)
  A revenant (Hell)
  9 fire giants
  Donald (Spider:2)
  9 ghost moths
  Maud (Orc:3)
  14 frost giants
  8 draconian knights
  17 vault wardens
  An iron dragon (Depths:3)
  2 orc warlords
  3 balrugs
  Louise (Depths:1)
  3 draconian zealots
  2 draconian scorchers
  12 deep elf sorcerers
  A curse skull (Depths:4)
  4 draconian shifters
  8 emperor scorpions
  9 spriggan defenders
  A juggernaut zombie (Hell)
  A caustic shrike zombie (Depths:4)
  4 draconian annihilators
  7 very ugly things
  15 reapers
  An elemental wellspring (Coc:7)
  19 ironheart preservers
  A draconian caller (Zot:2)
  24 stone giants
  3 war gargoyles
  9 deep elf demonologists
  14 green draconians
  11 purple draconians
  4 black draconians
  15 deep elf annihilators
  A salamander stormcaller (Vaults:5)
  2 dire elephants (Lair:8)
  A lorocyproca (Hell)
  9 yellow draconians
  3 mottled draconians
  8 white draconians
  7 red draconians
  13 deep elf death magi
  31 vault guards
  13 blizzard demons
  18 fire dragons
  2 green deaths (Hell)
  5 merfolk javelineers
  A fire dragon (shapeshifter) (Depths:4)
  14 merfolk impalers
  Erolcha (D:10)
  13 ettins
  2 quicksilver dragon zombies
  10 deep elf high priests
  Josephine (Lair:8)
  8 death oozes
  3 kraken zombies
  29 yaktaur captains
  22 great orbs of eyes
  37 ice dragons
  9 entropy weavers
  4 rakshasas
  4 quicksilver dragon skeletons
  8 spriggan air magi
  14 hydras
  17 centaur warriors
  A monstrous demonspawn (Depths:3)
  3 catoblepae
  4 merfolk avatars
  2 hell beasts (Hell)
  5 merfolk aquamancers
  An alligator snapping turtle (Shoals:4)
  A queen ant (shapeshifter) (Vaults:5)
  12 ogre magi
  15 dancing weapons
  7 tengu warriors
  11 deep troll shamans
  13 death yaks
  7 spriggan berserkers
  2 vampire magi
  17 deep troll earth magi
  6 hell hogs (Hell)
  An orc high priest (Orc:4)
  23 deep elf knights
  9 soul eaters
  2 iron golems (Hell)
  2 storm dragon zombies
  Nergalle (Orc:2)
  A large abomination (Vaults:5)
  2 titan skeletons (Coc:7)
  6 sun demons
  8 small abominations
  2 shadow wraiths
  3 fire crabs
  A fire crab (shapeshifter) (Vaults:5)
  19 skeletal warriors
  21 hell knights
  2 anaconda zombies
  A quicksilver dragon simulacrum (Depths:2)
  11 sea snakes
  A storm dragon skeleton (Coc:7)
  9 giant orange brains
  20 ice devils
  3 unseen horrors
  10 wizards
  2 iron trolls
  13 deep elf summoners
  2 spriggan druids (Depths:2)
  2 lindwurms
  2 ghost moth zombies (Coc:6)
  2 golden dragon zombies
  A torturous demonspawn (Depths:3)
  2 shadow dragon zombies
  6 hill giants
  21 orb spiders
  34 deep trolls
  Pikel (D:9)
  3 golden dragon skeletons
  20 necromancers
  4 flayed ghosts
  A phantasmal warrior (Vaults:4)
  A hornet (shapeshifter) (Vaults:1)
  34 wolf spiders
  An anaconda skeleton (Coc:3)
  A shining eye (shapeshifter) (Vaults:4)
  A tengu skeleton (Depths:4)
  16 deep elf conjurers
  16 ironbrand convokers
  16 griffons
  6 orc sorcerers
  4 frost giant zombies
  4 fire giant zombies
  2 salamanders (shapeshifter)
  8 shining eyes
  2 shadow dragon skeletons (Coc:7)
  A moth of wrath (shapeshifter) (Vaults:4)
  12 harpies
  81 ugly things
  8 water nymphs
  A sixfirhy (Lair:8)
  8 hornets
  7 fauns
  11 orc knights
  A wolf spider (shapeshifter) (Depths:3)
  A manticore (shapeshifter) (Vaults:3)
  27 moths of wrath
  2 oklob plants
  3 stone giant zombies (Coc:7)
  9 manticores
  4 frost giant skeletons
  10 rust devils
  A black mamba (shapeshifter) (Vaults:2)
  3 black mambas
  2 fire giant skeletons
  13 cyclopes
  2 dire elephant zombies (Coc:7)
  An iron dragon skeleton (Depths:4)
  4 eyes of devastation
  11 sirens
  2 shock serpent zombies
  Joseph (D:9)
  A naga mage (D:15)
  4 smoke demons
  2 ice statues (IceCv)
  A molten gargoyle (Hell)
  15 spiny frogs
  Psyche (D:8)
  3 torpor snails
  17 elephants
  2 orange demons (Lair:8)
  2 titan simulacra (Coc:7)
  A spiny frog (shapeshifter) (Vaults:4)
  13 vault sentinels
  10 komodo dragons
  82 yaktaurs
  21 demonic crawlers
  2 efreet
  5 kobold demonologists
  2 hellions (Hell)
  A hellwing (Lair:8)
  14 deep elf priests
  20 two-headed ogres
  7 tormentors
  A purple draconian skeleton (Coc:7)
  6 tengu conjurers
  12 trolls
  A silent spectre (Depths:4)
  A fire drake (Lair:8)
  9 hydra zombies
  A yaktaur (shapeshifter) (Depths:4)
  32 merfolk
  A troll (shapeshifter) (Depths:3)
  A giant leech (shapeshifter) (Vaults:1)
  22 blue devils
  An anaconda simulacrum (Coc:7)
  15 red devils
  21 freezing wraiths
  A polar bear (Orc:2)
  A snapping turtle (shapeshifter) (Vaults:5)
  21 blink frogs
  24 jumping spiders
  Grinder (D:6)
  A harpy zombie (Coc:7)
  A hornet zombie (D:11)
  10 boulder beetles
  9 wind drakes
  5 hydra skeletons
  An alligator zombie (Coc:7)
  An ettin zombie (Coc:7)
  2 fire dragon zombies
  116 slime creatures
  2 air elementals (Depths:3)
  2 trapdoor spider zombies
  An ice dragon zombie (Coc:7)
  10 snapping turtles
  20 flying skulls
  A shadow (Coc:6)
  A stone giant simulacrum (Vaults:1)
  58 redbacks
  A human (shapeshifter) (Depths:1)
  35 deep elf magi
  2 ice dragon skeletons
  32 spriggans
  17 trapdoor spiders
  2 ettin skeletons (Coc:7)
  51 deep elf fighters
  A fire dragon skeleton (Coc:7)
  25 humans
  2 spriggans (shapeshifter)
  A tarantella (shapeshifter) (Vaults:4)
  2 vampires
  22 water elementals
  2 golden eyes (shapeshifter)
  18 vampire mosquitoes
  2 alligator skeletons (Hell)
  23 tarantellas
  16 hippogriffs
  6 wyverns
  2 centaur simulacra (D:15)
  2 hogs (Lair:5)
  6 fire elementals
  9 golden eyes (Slime:6)
  9 basilisks
  A hippogriff (shapeshifter) (Depths:1)
  57 yaks
  16 wolves
  11 wraiths
  6 hungry ghosts
  A steam dragon (D:15)
  Edmund (D:4)
  A merfolk zombie (Coc:4)
  3 hell hounds
  20 water moccasins
  6 spiny frog zombies
  2 mottled dragons
  64 orc warriors
  4 wargs
  9 wasps
  7 sky beasts
  2 hydra simulacra (Coc:7)
  15 porcupines
  A fire dragon simulacrum (Hell)
  12 eyes of draining
  A manticore zombie (Coc:7)
  46 ogres
  A spriggan simulacrum (Depths:2)
  A swamp dragon zombie (Coc:4)
  4 spiny frog skeletons
  A black bear (Lair:5)
  6 phantoms
  21 spiders
  An alligator simulacrum (Coc:1)
  A porcupine (shapeshifter) (Depths:5)
  A black bear (shapeshifter) (Depths:1)
  A human zombie (Vaults:4)
  25 ice beasts
  A snapping turtle zombie (Coc:6)
  4 slaves (D:9)
  A snapping turtle skeleton (Coc:6)
  30 centaurs
  A necrophage (Coc:5)
  28 crocodiles
  13 boggarts
  A crocodile (shapeshifter) (Vaults:3)
  8 big kobolds
  28 giant frogs
  3 human skeletons
  A spiny frog simulacrum (Hell)
  4 wyvern zombies
  A water moccasin skeleton (D:6)
  2 wyvern skeletons (D:15)
  37 killer bees
  7 scorpions
  13 wights
  2 electric eels
  A human simulacrum (Vaults:4)
  10 crimson imps
  A giant frog zombie (D:9)
  A wasp zombie (D:12)
  7 centaur zombies
  2 quasits
  15 iguanas
  3 giant frog skeletons
  7 hounds
  44 jellies
  8 centaur skeletons
  20 worker ants
  A worker ant (shapeshifter) (Vaults:5)
  47 orc wizards
  Natasha (D:4)
  10 hell rats
  27 orc priests
  21 sheep
  A tengu zombie (Hell)
  A hound zombie (D:8)
  2 hound skeletons (D:4)
  2 mummies
  A worker ant zombie (D:9)
  69 river rats
  10 gnolls
  10 adders
  2 shadow imps
  10 white imps
  3 oozes
  3 worms
  An adder skeleton (D:10)
  7 giant geckos
  216 orcs
  A ball python (D:3)
  3 bats
  4 giant cockroaches
  10 goblins
  11 hobgoblins
  5 jackals
  23 kobolds
  6 quokkas
  2 giant cockroach zombies
  A giant gecko skeleton (D:5)
  A giant newt (shapeshifter) (Elf:3)
  8 giant newts
  A jackal zombie (D:7)
  A kobold zombie (Coc:6)
  An orc skeleton (Coc:7)
  A quokka zombie (D:5)
  4 rats
  8 bushes
  8 crawling corpses
  7 fire vortices (Vaults:5)
  4 fungi
  2 lost souls (Hell)
  14 plants
  8 tentacles
3625 creatures vanquished.

Vanquished Creatures (collateral kills)
  Mara (Elf:3)
  An orc warrior (Orc:4)
  An orc (Orc:4)
  A fungus (Lair:7)
4 creatures vanquished.

Vanquished Creatures (others)
  Sojobo (Vaults:2)
  A tentacled monstrosity (Vaults:5)
  A lich (Vaults:3)
  5 tengu reavers
  A draconian scorcher (Zot:3)
  A stone giant (Vaults:3)
  A very ugly thing (Depths:3)
  2 elemental wellsprings (Coc:7)
  A war gargoyle (Vaults:5)
  A vault guard (Vaults:5)
  A blizzard demon (Coc:7)
  A green death (Hell)
  2 ogre magi
  A sun demon (Hell)
  A deep elf knight (Elf:1)
  A wizard (D:15)
  An unseen horror (D:13)
  A frost giant zombie (Hell)
  An ironbrand convoker (Vaults:5)
  A hornet (Spider:2)
  A siren (Shoals:3)
  A red devil (Hell)
  A deep elf priest (Vaults:5)
  A blue devil (Hell)
  2 two-headed ogres
  2 redbacks
  2 humans
  A deep elf fighter (Vaults:5)
  A water elemental (Coc:7)
  2 ogres (Vaults:5)
  A boggart (Depths:2)
  A glowing shapeshifter simulacrum (Depths:2)
  A hell rat (Hell)
  A kobold (D:1)
  38 bushes (D:15)
  19 eldritch tentacle segments (Coc:7)
  49 fungi
  5 lost souls (Hell)
  33 plants
  19 tentacles
  584 tentacle segments
791 creatures vanquished.

Grand Total: 4420 creatures vanquished

Notes
Turn   | Place    | Note
--------------------------------------------------------------
     0 | D:1      | Miyamura the Formicid Fighter began the quest for the Orb.
     0 | D:1      | Reached XP level 1. HP: 18/18 MP: 1/1
   117 | D:1      | Reached XP level 2. HP: 22/24 MP: 2/2
   415 | D:1      | Reached skill level 4 in Shields
   717 | D:2      | Reached XP level 3. HP: 25/29 MP: 3/3
  1356 | D:2      | Found a radiant altar of Vehumet.
  1980 | D:2      | Reached XP level 4. HP: 37/37 MP: 4/4
  2415 | D:3      | Found a white marble altar of Elyvilon.
  2588 | D:3      | Reached XP level 5. HP: 42/42 MP: 5/5
  2609 | D:3      | Noticed a phantom
  2640 | D:3      | Killed a phantom
  2640 | D:3      | Reached skill level 1 in Dodging
  2640 | D:3      | Reached XP level 6. HP: 25/48 MP: 6/6
  3083 | D:3      | Found a bloodstained altar of Trog.
  3227 | D:4      | Found a staircase to the Ecumenical Temple.
  3236 | Temple   | Entered the Ecumenical Temple
  3354 | Temple   | Became a worshipper of Cheibriados the Contemplative
  3650 | D:3      | Reached skill level 5 in Shields
  3900 | D:4      | Reached * piety under Cheibriados
  3926 | D:4      | Reached skill level 5 in Armour
  3926 | D:4      | Reached skill level 1 in Invocations
  3926 | D:4      | Reached XP level 7. HP: 35/55 MP: 7/7
  4042 | D:4      | Found an ancient bone altar of Kikubaaqudgha.
  4275 | D:4      | Found a basalt altar of Yredelemnul.
  4355 | D:4      | Found an opulent altar of Gozag.
  4362 | D:4      | Noticed Natasha
  4371 | D:4      | Killed Natasha
  4499 | D:5      | Entered Level 5 of the Dungeon
  4544 | D:5      | Noticed Edmund
  4562 | D:4      | Killed Edmund
  4562 | D:4      | Reached skill level 5 in Fighting
  4658 | D:5      | Reached XP level 8. HP: 55/62 MP: 9/9
  4684 | D:5      | Found a deep blue altar of Sif Muna.
  4720 | D:5      | Found a sacrificial altar of Ru.
  4840 | D:5      | Reached ** piety under Cheibriados
  4844 | D:5      | Found Viqoen's Magic Scroll Shoppe.
  4941 | D:5      | Bought a scroll of remove curse for 45 gold pieces
  4941 | D:5      | Bought a scroll of identify for 30 gold pieces
  4941 | D:5      | Bought a scroll of identify for 30 gold pieces
  4941 | D:5      | Bought a scroll of identify for 30 gold pieces
  5242 | D:5      | Reached skill level 6 in Shields
  5365 | D:5      | Reached XP level 9. HP: 51/69 MP: 11/11
  5466 | D:6      | Reached skill level 5 in Axes
  5909 | D:6      | Reached skill level 7 in Shields
  6098 | D:6      | Reached *** piety under Cheibriados
  6224 | D:6      | Reached skill level 5 in Invocations
  6739 | D:6      | Noticed a hill giant
  6739 | D:6      | Noticed a two-headed ogre
  6740 | D:6      | Noticed Grinder
  6753 | D:6      | Reached XP level 10. HP: 53/77 MP: 13/13
  6755 | D:6      | Killed a hill giant
  6767 | D:6      | Killed a two-headed ogre
  6767 | D:6      | Reached skill level 8 in Shields
  6769 | D:6      | Reached **** piety under Cheibriados
  6775 | D:6      | You fall through a shaft for 2 floors!
  7208 | D:6      | Reached skill level 5 in Dodging
  7391 | D:6      | Killed Grinder
  7619 | D:6      | Got an amethyst-encrusted chain mail
  7630 | D:6      | Identified the +1 chain mail of Daypimif {rF++} (You took it off an orc warrior on level 6 of the Dungeon)
  8106 | D:7      | Reached ***** piety under Cheibriados
  8185 | D:7      | Found a glowing silver altar of Zin.
  8512 | D:8      | Found a sparkling altar of Nemelex Xobeh.
  8562 | D:8      | Reached XP level 11. HP: 86/86 MP: 16/16
  8588 | D:8      | Gained mutation: You are weak. (Str -2) [potion of mutation]
  8588 | D:8      | Gained mutation: You are partially covered in slimy green scales (AC +2). [potion of mutation]
  8588 | D:8      | Lost mutation: You are weak. (Str -2) [potion of mutation]
  8589 | D:8      | Gained mutation: You have a somewhat thin skeletal structure (Dex +2, Stealth). [potion of mutation]
  8589 | D:8      | Gained mutation: You are robust (+10% HP). [potion of mutation]
  8589 | D:8      | Gained mutation: You possess an exceptional clarity of mind. [potion of mutation]
  8620 | D:8      | Noticed Psyche
  8629 | D:8      | Killed Psyche
  8926 | D:8      | Learned a level 3 spell: Tukima's Dance
  9340 | D:8      | Reached skill level 1 in Hexes
  9357 | D:8      | Reached skill level 1 in Spellcasting
  9757 | D:5      | Bought a scroll of acquirement for 780 gold pieces
  9762 | D:5      | Got an ichor-stained broad axe
  9763 | D:5      | Identified the +1 broad axe of Extremism {freeze, MP-9 Int+5} (You acquired it on level 5 of the Dungeon)
  9931 | D:9      | Found Itauvab's Weapon Boutique.
  9937 | D:9      | Gained mutation: You have sharp fingernails. [mutagenic meat]
  9979 | D:9      | Found Ruywk's Assorted Antiques.
 10103 | D:9      | Found Bupulest's Gadget Shop.
 10128 | D:9      | Found Teorphaoq's Magic Scroll Boutique.
 10139 | D:9      | Gained mutation: You have a moderately thin skeletal structure (Dex +4, Stealth+). [mutagenic meat]
 10140 | D:9      | Gained mutation: You evolve. [mutagenic meat]
 10141 | D:9      | Gained mutation: You rapidly evolve. [mutagenic meat]
 10142 | D:9      | Gained mutation: Your magical capacity is low (-10% MP). [mutagenic meat]
 10145 | D:9      | Bought a scroll of fear for 35 gold pieces
 10214 | D:9      | Noticed Pikel
 10230 | D:9      | Killed Pikel
 10230 | D:9      | Reached skill level 9 in Shields
 10563 | D:9      | Found a staircase to the Lair.
 10604 | D:9      | Noticed Joseph
 10605 | D:9      | Found Pyophap's Antique Armour Emporium.
 10611 | D:9      | Killed Joseph
 10736 | D:9      | Reached ****** piety under Cheibriados
 10815 | D:9      | Noticed a two-headed hydra
 10819 | D:9      | Killed a one-headed hydra
 10900 | Lair:1   | Entered Level 1 of the Lair of Beasts
 10933 | Lair:1   | Gained mutation: Your spells are a little harder to cast, but a little more powerful. [evolution]
 10967 | Lair:1   | Noticed an oklob plant
 11283 | Lair:1   | Reached XP level 12. HP: 100/103 MP: 7/16
 11916 | Lair:1   | Noticed an eight-headed hydra
 11931 | Lair:1   | Killed a one-headed hydra
 12632 | Lair:2   | Found a blossoming altar of Fedhas.
 12743 | Lair:2   | Learned a level 2 spell: Song of Slaying
 13091 | Lair:3   | Reached skill level 10 in Shields
 13091 | Lair:3   | Reached skill level 5 in Hexes
 13366 | Lair:3   | Found a staircase to the Shoals.
 13471 | Lair:3   | Noticed an ice dragon
 13492 | Lair:3   | Killed an ice dragon
 13955 | Lair:3   | Reached XP level 13. HP: 101/111 MP: 8/17
 14071 | Lair:3   | Lost mutation: Your magical capacity is low (-10% MP). [evolution]
 14359 | Lair:4   | Found a hole to the Spider Nest.
 14375 | Lair:4   | Reached skill level 10 in Armour
 14723 | Lair:4   | Reached skill level 10 in Fighting
 15403 | Lair:5   | Noticed Kirke
 15417 | Lair:5   | Killed Kirke
 15840 | Lair:5   | Reached skill level 5 in Spellcasting
 16470 | Lair:6   | Gained mutation: Your flesh is cold resistant. [evolution]
 16470 | Lair:6   | Lost mutation: You rapidly evolve. [end of evolution]
 16539 | Lair:6   | Reached skill level 10 in Invocations
 16677 | Lair:6   | Learned a level 4 spell: Cause Fear
 17087 | Lair:6   | Reached XP level 14. HP: 122/122 MP: 13/22
 17111 | Lair:7   | Reached skill level 11 in Shields
 17223 | Lair:7   | Found a staircase to the Slime Pits.
 17786 | Lair:7   | Gained mutation: You have large cloven feet. [potion of mutation]
 18716 | Slime:1  | Entered Level 1 of the Pits of Slime
 18731 | Lair:8   | Entered Level 8 of the Lair of Beasts
 18770 | Lair:8   | Lost mutation: You are robust (+10% HP). [evolution]
 19042 | Lair:8   | Reached XP level 15. HP: 75/118 MP: 16/25
 19503 | Lair:8   | Noticed Josephine
 19508 | Lair:8   | Killed Josephine
 19508 | Lair:8   | Reached skill level 10 in Axes
 19664 | Lair:8   | Reached skill level 12 in Shields
 20750 | Lair:8   | Found a burning altar of Makhleb.
 20751 | Lair:8   | Gained mutation: You are resistant to hostile enchantments. [evolution]
 20772 | Lair:8   | Found a gateway to Hell.
 21416 | Lair:1   | Killed an oklob plant
 21531 | Lair:1   | Learned a level 6 spell: Invisibility
 21546 | D:10     | Entered Level 10 of the Dungeon
 21652 | D:9      | Bought a transparent shield for 256 gold pieces
 21663 | D:9      | Identified the cursed +0 shield of the Loofah {MP-9 Str+2 Dex+5 Stlth+} (You bought it in a shop on level 9 of the Dungeon)
 21767 | D:9      | Bought a steaming scale mail for 324 gold pieces
 21767 | D:9      | Bought a pair of fine boots for 342 gold pieces
 21778 | D:9      | Identified the cursed +0 scale mail of Zununwue {rC+} (You bought it in a shop on level 9 of the Dungeon)
 21801 | D:9      | Identified the +2 pair of boots "Dukhiysi" {Int+2 Dex+4} (You bought it in a shop on level 9 of the Dungeon)
 22103 | D:10     | Found a staircase to the Orcish Mines.
 22104 | D:10     | Found Dopnihics's Armour Boutique.
 22268 | D:10     | Noticed Erolcha
 22272 | D:10     | Killed Erolcha
 22477 | Orc:1    | Entered Level 1 of the Orcish Mines
 22526 | Orc:1    | Found Darday's Desiderata Depot.
 22725 | Orc:2    | Noticed Sonja
 22728 | Orc:2    | Noticed Sonja
 22728 | Orc:2    | Sonja changed into Sonja the polar bear
 22734 | Orc:2    | Killed Sonja the polar bear
 23021 | Orc:3    | Noticed Nergalle
 23075 | Orc:2    | Killed Nergalle
 23691 | Orc:2    | Found Awiehoe's Distillery.
 23912 | Orc:3    | Found a staircase to the Elven Halls.
 24483 | Orc:4    | Entered Level 4 of the Orcish Mines
 25108 | Orc:4    | Noticed Maud
 25136 | Orc:3    | Killed Maud
 25152 | Orc:3    | Reached XP level 16. HP: 125/127 MP: 17/28
 25218 | Orc:4    | Found a roughly hewn altar of Beogh.
 25267 | Orc:4    | Found a roughly hewn altar of Beogh.
 25355 | Orc:4    | Found a roughly hewn altar of Beogh.
 25457 | Orc:4    | Found Mokhes's Antique Armour Emporium.
 25462 | Orc:4    | Bought a runed cloak for 121 gold pieces
 25539 | Orc:4    | Found a roughly hewn altar of Beogh.
 25540 | Orc:4    | Found Zeshraeh's Gadget Shoppe.
 25754 | Orc:4    | Reached XP level 17. HP: 133/133 MP: 29/29
 25762 | Orc:4    | Noticed an orc warlord
 25777 | Orc:4    | Killed an orc warlord
 25789 | Orc:4    | Found Vexoip's Antique Weapon Shop.
 25790 | Orc:4    | Found a roughly hewn altar of Beogh.
 25937 | Orc:4    | Found Hetiod's Antique Armour Boutique.
 26096 | Orc:4    | Found a roughly hewn altar of Beogh.
 26438 | D:5      | Bought a scroll of acquirement for 780 gold pieces
 26440 | D:5      | Got a polished executioner's axe
 26441 | D:5      | Identified the +6 executioner's axe "Torpheat" {drain, Int+2 Stlth+} (You acquired it on level 5 of the Dungeon)
 26599 | D:11     | Found a frozen archway.
 26672 | IceCv    | Entered an ice cave
 26773 | IceCv    | Reached skill level 10 in Hexes
 27084 | IceCv    | Reached skill level 10 in Dodging
 27213 | IceCv    | Got a twitching jade ring
 27260 | IceCv    | Identified the ring "Osaxofal" {-Tele EV+4 Dex+4 SInv} (You found it in an ice cave)
 27516 | D:11     | Gained mutation: You are agile. (Dex +2) [evolution]
 27603 | D:11     | Found a shimmering altar of Xom.
 27683 | D:11     | Lost mutation: You possess an exceptional clarity of mind. [potion of cure mutation]
 27683 | D:11     | Lost mutation: You evolve. [potion of cure mutation]
 27683 | D:11     | Lost mutation: You are resistant to hostile enchantments. [potion of cure mutation]
 27683 | D:11     | Lost mutation: You are agile. (Dex +2) [potion of cure mutation]
 27683 | D:11     | Lost mutation: You have large cloven feet. [potion of cure mutation]
 27683 | D:11     | Lost mutation: Your spells are a little harder to cast, but a little more powerful. [potion of cure mutation]
 27934 | D:12     | Reached skill level 13 in Shields
 28676 | D:12     | Noticed Frances
 28693 | D:12     | Killed Frances
 28759 | D:12     | Gained mutation: Armour fits poorly on your strangely shaped body. [mutagenic meat]
 28762 | D:12     | Gained mutation: You passively map a small area around you. [mutagenic meat]
 28986 | D:13     | Gained mutation: You can breathe flames. [mutagenic meat]
 29210 | D:13     | Found Buahurime's Antique Armour Shop.
 29327 | D:13     | Found a gate to the Vaults.
 29659 | D:13     | Lost mutation: You have a moderately thin skeletal structure (Dex +4, Stealth+). [potion of cure mutation]
 29659 | D:13     | Lost mutation: You have sharp fingernails. [potion of cure mutation]
 29659 | D:13     | Lost mutation: Your flesh is cold resistant. [potion of cure mutation]
 29659 | D:13     | Lost mutation: You passively map a small area around you. [potion of cure mutation]
 29659 | D:13     | Lost mutation: You can breathe flames. [potion of cure mutation]
 30456 | D:13     | Bought a pair of embroidered gloves for 148 gold pieces
 30456 | D:13     | Bought a pair of smoking gloves for 313 gold pieces
 30456 | D:13     | Bought an ichor-stained plate armour for 924 gold pieces
 30456 | D:13     | Bought a chain mail for 148 gold pieces
 30478 | D:13     | Identified the +2 pair of gloves "Ycot" {Dex+2} (You bought it in a shop on level 13 of the Dungeon)
 30500 | D:13     | Identified the cursed +1 plate armour "Caetun" {+Fly rF+ MR+} (You bought it in a shop on level 13 of the Dungeon)
 30922 | D:14     | Found Eqautow's Antique Armour Emporium.
 30938 | D:14     | Reached XP level 18. HP: 126/141 MP: 31/31
 30951 | D:14     | Found Sogedwis's Magic Scroll Shop.
 31035 | D:14     | Bought a transparent chain mail for 256 gold pieces
 31046 | D:14     | Identified the cursed +1 chain mail "Mupora" {rC++ Str+4 Int-4 Stlth+} (You bought it in a shop on level 14 of the Dungeon)
 31153 | D:14     | Found Kixidduu's Book Shoppe.
 31229 | D:14     | Gained mutation: Potions and wands are less effective at restoring your health. [mutagenic meat]
 31230 | D:14     | Gained mutation: You passively map a small area around you. [mutagenic meat]
 31231 | D:14     | Gained mutation: You are dopey. (Int -2) [mutagenic meat]
 31232 | D:14     | Gained mutation: You are very dopey. (Int -4) [mutagenic meat]
 31234 | D:14     | Lost mutation: You are partially covered in slimy green scales (AC +2). [mutagenic meat]
 31235 | D:14     | Gained mutation: Scrolls take you a little longer to read. [mutagenic meat]
 31236 | D:14     | Lost mutation: Potions and wands are less effective at restoring your health. [mutagenic meat]
 31612 | D:15     | Entered Level 15 of the Dungeon
 31766 | D:15     | Found a basalt altar of Yredelemnul.
 31851 | D:15     | Gained mutation: You are frail (-10% HP). [mutagenic meat]
 32684 | D:15     | Reached skill level 14 in Shields
 32692 | D:15     | Gained mutation: You expend magic power (3 MP) to strengthen your wands. [mutagenic meat]
 32954 | D:15     | Lost mutation: You are frail (-10% HP). [mutagenic meat]
 32958 | D:15     | Gained mutation: You evolve. [mutagenic meat]
 32961 | D:15     | Found a staircase to the Depths.
 33527 | Shoals:1 | Entered Level 1 of the Shoals
 33969 | Shoals:1 | Gained mutation: You are resistant to hostile enchantments. [evolution]
 34924 | Shoals:1 | Reached skill level 10 in Spellcasting
 35070 | Shoals:2 | Noticed Polyphemus
 35104 | Shoals:2 | Killed Polyphemus
 35609 | Shoals:2 | Reached XP level 19. HP: 132/149 MP: 33/33
 36343 | Shoals:3 | Noticed Ilsuiw
 36386 | Shoals:3 | Killed Ilsuiw
 36892 | Shoals:4 | Entered Level 4 of the Shoals
 36892 | Shoals:4 | Found Heaskani's Food Shop.
 38002 | Shoals:4 | Reached skill level 15 in Shields
 38025 | Shoals:4 | Got a barnacled rune of Zot
 38278 | Shoals:4 | Got a glittering ivory ring
 38858 | Shoals:4 | Lost mutation: Armour fits poorly on your strangely shaped body. [evolution]
 39264 | Lair:1   | Identified the ring "Ecoc" {rN+ Dex+3} (You found it on level 4 of the Shoals)
 39277 | Lair:1   | Learned a level 4 spell: Airstrike
 39283 | Lair:1   | Learned a level 5 spell: Silence
 39411 | Spider:1 | Entered Level 1 of the Spider Nest
 39677 | Spider:1 | Reached skill level 1 in Air Magic
 39687 | Spider:1 | Reached XP level 20. HP: 125/159 MP: 34/34
 40575 | Spider:2 | Noticed Donald
 40579 | Spider:2 | Killed Donald
 42151 | Spider:4 | Entered Level 4 of the Spider Nest
 43564 | Spider:4 | Reached XP level 21. HP: 162/166 MP: 18/36
 43630 | Spider:4 | Got a gossamer rune of Zot
 44474 | Elf:1    | Entered Level 1 of the Elven Halls
 44712 | Elf:1    | Reached skill level 16 in Shields
 44803 | Elf:1    | Reached skill level 15 in Armour
 44853 | Elf:1    | Noticed Nikola
 44896 | Elf:1    | Killed Nikola
 45915 | Elf:2    | Found a runed gate.
 45917 | Elf:2    | Found a runed gate.
 45917 | Elf:2    | Found a runed gate.
 46210 | Elf:2    | Reached skill level 15 in Fighting
 46248 | Elf:2    | Lost mutation: You are very dopey. (Int -4) [evolution]
 46331 | Elf:2    | Reached skill level 5 in Air Magic
 46647 | Elf:3    | Entered Level 3 of the Elven Halls
 46674 | Elf:3    | Noticed Mara
 46685 | Elf:3    | Killed Mara
 47196 | Elf:3    | Reached XP level 22. HP: 160/175 MP: 38/38
 47994 | Elf:3    | Got a vibrating golden ring
 47999 | Elf:3    | Identified the ring of Pyromania {SustAt *Confuse Str+7} (You took it off a deep elf annihilator on level 3 of the Elven Halls)
 48203 | Elf:3    | Got a bound platinum ring
 48247 | Elf:3    | Identified the ring "Diam" {rC+ EV+1} (You took it off a deep elf demonologist on level 3 of the Elven Halls)
 48266 | Elf:3    | Got a clouded ivory ring
 48277 | Elf:3    | Got a polished flail {freeze}
 48278 | Elf:3    | Identified the +7 flail "Putom" {freeze, rPois Int+7 Dex-2} (You took it off a deep elf mage on level 3 of the Elven Halls)
 48322 | Elf:3    | Identified the ring "Boiweodgh" {rPois rN+ AC+3 Str+5 Int-3} (You took it off a deep elf death mage on level 3 of the Elven Halls)
 48347 | Elf:3    | Got a fine rapier {pierce}
 48348 | Elf:3    | Identified the +8 rapier of Misery {pierce, rC++ rN+} (You took it off a deep elf high priest on level 3 of the Elven Halls)
 48354 | Elf:3    | Got a transparent mace {pain}
 48355 | Elf:3    | Identified the +9 mace of Hauren {pain, rPois Dex+4} (You took it off a deep elf annihilator on level 3 of the Elven Halls)
 48377 | Elf:3    | Got a shimmering hand axe {chop}
 48378 | Elf:3    | Identified the +10 hand axe of Chance {chop, Str-4 Int+9} (You took it off a deep elf fighter on level 3 of the Elven Halls)
 48942 | D:9      | Gained mutation: You can breathe flames. [evolution]
 49174 | D:14     | Bought a black opal-encrusted plate armour for 756 gold pieces
 49185 | D:14     | Identified the +9 plate armour "Pumpet Ipixt" {rN+ MR+ rCorr} (You bought it in a shop on level 14 of the Dungeon)
 49294 | Depths:1 | Entered Level 1 of the Depths
 49509 | Depths:1 | Found a shattered altar of Ashenzari.
 49572 | Depths:1 | Gained mutation: You are highly resistant to hostile enchantments. [mutagenic meat]
 49626 | Depths:1 | Reached skill level 17 in Shields
 49660 | Depths:1 | Lost mutation: Scrolls take you a little longer to read. [mutagenic meat]
 49664 | Depths:1 | Gained mutation: You are robust (+10% HP). [mutagenic meat]
 49665 | Depths:1 | Gained mutation: You have large cloven feet. [mutagenic meat]
 49666 | Depths:1 | Gained mutation: You are surrounded by a mild repulsion field (EV +2). [mutagenic meat]
 49668 | Depths:1 | Gained mutation: Your body sometimes deteriorates upon taking damage. [mutagenic meat]
 49670 | Depths:1 | Lost mutation: You are dopey. (Int -2) [mutagenic meat]
 49671 | Depths:1 | Lost mutation: You are highly resistant to hostile enchantments. [mutagenic meat]
 49672 | Depths:1 | Lost mutation: You expend magic power (3 MP) to strengthen your wands. [mutagenic meat]
 49711 | Depths:1 | Found Ahybb's Distillery.
 49739 | Depths:1 | Bought a potion of heal wounds for 85 gold pieces
 49739 | Depths:1 | Bought a potion of heal wounds for 85 gold pieces
 49739 | Depths:1 | Bought a potion of resistance for 170 gold pieces
 49739 | Depths:1 | Bought a potion of mutation for 42 gold pieces
 49739 | Depths:1 | Lost mutation: You are resistant to hostile enchantments. [potion of mutation]
 49739 | Depths:1 | Gained mutation: You are resistant to hostile enchantments. [potion of mutation]
 49739 | Depths:1 | Gained mutation: You are clumsy. (Dex -2) [potion of mutation]
 49910 | Depths:1 | Noticed Louise
 49935 | Depths:1 | Killed Louise
 49937 | Depths:1 | Found a one-way gate to the infinite horrors of the Abyss.
 50033 | Depths:1 | Reached XP level 23. HP: 125/201 MP: 40/40
 50392 | Depths:1 | Lost mutation: You evolve. [mutagenic meat]
 50394 | Depths:1 | Gained mutation: You have an increased reservoir of magic (+10% MP). [mutagenic meat]
 50395 | Depths:1 | Lost mutation: You are surrounded by a mild repulsion field (EV +2). [mutagenic meat]
 50537 | Depths:2 | Lost mutation: Your body sometimes deteriorates upon taking damage. [mutagenic meat]
 50538 | Depths:2 | Gained mutation: You expend magic power (3 MP) to strengthen your wands. [mutagenic meat]
 50539 | Depths:2 | Gained mutation: Your spells are a little harder to cast, but a little more powerful. [mutagenic meat]
 50540 | Depths:2 | Gained mutation: Your flesh is heat resistant. [mutagenic meat]
 50542 | Depths:2 | Lost mutation: You can breathe flames. [mutagenic meat]
 50546 | Depths:2 | Gained mutation: You evolve. [mutagenic meat]
 50809 | Depths:2 | Lost mutation: You have a somewhat thin skeletal structure (Dex +2, Stealth). [mutagenic meat]
 51760 | Depths:2 | Lost mutation: You are robust (+10% HP). [mutagenic meat]
 51762 | Depths:2 | Gained mutation: You passively map the area around you. [mutagenic meat]
 51763 | Depths:2 | Lost mutation: You have large cloven feet. [mutagenic meat]
 51764 | Depths:2 | Gained mutation: You regenerate slowly when monsters are visible. [mutagenic meat]
 51765 | Depths:2 | Gained mutation: You are robust (+10% HP). [mutagenic meat]
 51766 | Depths:2 | Lost mutation: You regenerate slowly when monsters are visible. [mutagenic meat]
 51829 | Depths:2 | Reached skill level 15 in Axes
 52128 | Depths:3 | Found a gateway to a ziggurat.
 52214 | Depths:3 | Gained mutation: Armour fits poorly on your strangely shaped body. [a shining eye]
 52214 | Depths:3 | Lost mutation: Your spells are a little harder to cast, but a little more powerful. [a shining eye]
 52216 | Depths:3 | Gained mutation: Scrolls take you a little longer to read. [a shining eye]
 52325 | Depths:3 | Found a one-way gate leading to the halls of Pandemonium.
 52857 | Depths:3 | Reached XP level 24. HP: 161/211 MP: 44/44
 53397 | Depths:3 | Gained mutation: You are dopey. (Int -2) [mutagenic meat]
 53399 | Depths:3 | Gained mutation: You have a beak for a mouth. [mutagenic meat]
 53400 | Depths:3 | Lost mutation: You are dopey. (Int -2) [mutagenic meat]
 53579 | Depths:3 | Lost mutation: You are clumsy. (Dex -2) [mutagenic meat]
 53581 | Depths:3 | Lost mutation: You passively map the area around you. [mutagenic meat]
 53582 | Depths:3 | Gained mutation: You can breathe flames. [mutagenic meat]
 53754 | Depths:3 | Lost mutation: Scrolls take you a little longer to read. [mutagenic meat]
 53834 | Depths:3 | Identified the Grimoire of Helpful Lightness (You found it on level 3 of the Depths)
 53849 | Depths:3 | Gained mutation: You possess an exceptional clarity of mind. [evolution]
 54075 | Depths:3 | Reached skill level 18 in Shields
 54942 | Depths:4 | Found a corrupted altar of Lugonu.
 54948 | Depths:4 | Noticed the Enchantress
 54962 | Depths:4 | Killed the Enchantress
 54973 | Depths:4 | Got a faerie dragon armour
 54984 | Depths:4 | Identified the +1 faerie dragon armour {rElec MP+10 Dex-5 SInv Clar} (You took it off the Enchantress on level 4 of the Depths)
 55013 | Depths:4 | Found Ziuheluq's Assorted Antiques.
 55031 | Depths:4 | Bought a scroll of enchant armour for 270 gold pieces
 55031 | Depths:4 | Bought a potion of heal wounds for 180 gold pieces
 55031 | Depths:4 | Bought 2 potions of heal wounds for 360 gold pieces
 55031 | Depths:4 | Bought a translucent steel ring for 180 gold pieces
 55031 | Depths:4 | Bought a wooden wand for 144 gold pieces
 55042 | Depths:4 | Identified the ring of Fuicrolo {rPois rN+ Int+3 Stlth+} (You bought it in a shop on level 4 of the Depths)
 55399 | Depths:4 | Learned a level 2 spell: Repel Missiles
 55658 | Depths:4 | Reached XP level 25. HP: 136/220 MP: 45/45
 55873 | Depths:4 | Got a ring of the Octopus King
 55875 | Depths:4 | Identified a ring of the Octopus King {Wiz AC+1 EV+1 Str+1 Int+1 Dex+1} (You found it on level 4 of the Depths)
 55881 | Depths:4 | Identified the Disquisition on Conjuration
 56331 | Depths:5 | Entered Level 5 of the Depths
 56461 | Depths:5 | Got an ichor-stained scale mail
 56472 | Depths:5 | Identified the cursed +0 scale mail "Selag" {*Corrode rElec rC++} (You found it on level 5 of the Depths)
 56791 | Depths:5 | Reached skill level 15 in Spellcasting
 57101 | Depths:5 | Found a gate to the Realm of Zot.
 57344 | Depths:5 | Lost mutation: Your flesh is heat resistant. [mutagenic meat]
 57345 | Depths:5 | Gained mutation: Your body sometimes deteriorates upon taking damage. [mutagenic meat]
 57346 | Depths:5 | Lost mutation: You passively map a small area around you. [mutagenic meat]
 57348 | Depths:5 | Gained mutation: Your spells are a little harder to cast, but a little more powerful. [mutagenic meat]
 57351 | Depths:5 | Lost mutation: Armour fits poorly on your strangely shaped body. [mutagenic meat]
 57643 | Depths:5 | Reached skill level 19 in Shields
 57754 | Depths:4 | Gained mutation: You are weak. (Str -2) [mutagenic meat]
 58405 | Vaults:1 | Entered Level 1 of the Vaults
 58413 | Vaults:1 | Reached XP level 26. HP: 231/231 MP: 46/46
 58425 | Vaults:1 | Got an ancient hand axe
 58426 | Vaults:1 | Identified the +5 hand axe of the Dark Horse {freeze, rF+ Int+2} (You found it on level 1 of the Vaults)
 58586 | Vaults:1 | Noticed Goblin1989's ghost (adept DsGl)
 58599 | Vaults:1 | Killed Goblin1989's ghost
 58821 | Vaults:1 | Reached skill level 15 in Dodging
 59387 | Vaults:1 | Got a jewelled quarterstaff {crush}
 59388 | Vaults:1 | Identified the +8 quarterstaff of Destiny {crush, rC- Int+7 Dex+6} (You took it off an orc warrior on level 1 of the Vaults)
 59561 | Vaults:1 | Gained mutation: You have a somewhat thin skeletal structure (Dex +2, Stealth). [mutagenic meat]
 59562 | Vaults:1 | Gained mutation: Your flesh is cold resistant. [mutagenic meat]
 59940 | Vaults:2 | Found a staircase to the Crypt.
 59940 | Vaults:2 | Found a basalt altar of Yredelemnul.
 59941 | Vaults:2 | Found an ancient bone altar of Kikubaaqudgha.
 60211 | Vaults:2 | Noticed Sojobo
 60220 | Vaults:2 | Killed Sojobo
 60948 | Vaults:3 | Noticed Jorgrun
 60957 | Vaults:3 | Killed Jorgrun
 61331 | Vaults:3 | Lost mutation: You possess an exceptional clarity of mind. [mutagenic meat]
 61332 | Vaults:3 | Lost mutation: You expend magic power (3 MP) to strengthen your wands. [mutagenic meat]
 61333 | Vaults:3 | Lost mutation: Your body sometimes deteriorates upon taking damage. [mutagenic meat]
 61380 | Vaults:3 | Reached XP level 27. HP: 240/240 MP: 47/47
 61395 | Vaults:3 | Lost mutation: Your spells are a little harder to cast, but a little more powerful. [mutagenic meat]
 61396 | Vaults:3 | Gained mutation: You are partially covered in molten scales (AC +1). [mutagenic meat]
 61399 | Vaults:3 | Lost mutation: You are robust (+10% HP). [mutagenic meat]
 61401 | Vaults:3 | Gained mutation: Your spells are a little easier to cast, but a little less powerful. [mutagenic meat]
 61451 | Vaults:3 | Lost mutation: You are resistant to hostile enchantments. [mutagenic meat]
 61452 | Vaults:3 | Gained mutation: Your body sometimes deteriorates upon taking damage. [mutagenic meat]
 61453 | Vaults:3 | Lost mutation: You evolve. [mutagenic meat]
 61454 | Vaults:3 | Gained mutation: Your spells are easier to cast, but less powerful. [mutagenic meat]
 61455 | Vaults:3 | Gained mutation: You have large cloven feet. [mutagenic meat]
 61457 | Vaults:3 | Lost mutation: Your body sometimes deteriorates upon taking damage. [mutagenic meat]
 61459 | Vaults:3 | Lost mutation: You have large cloven feet. [mutagenic meat]
 61471 | Vaults:3 | Gained mutation: Your natural rate of healing is unusually fast. [mutagenic meat]
 61957 | Vaults:3 | Lost mutation: You have a somewhat thin skeletal structure (Dex +2, Stealth). [mutagenic meat]
 61958 | Vaults:3 | Gained mutation: You have a somewhat thin skeletal structure (Dex +2, Stealth). [mutagenic meat]
 61994 | Vaults:3 | Got a twisted dagger
 61995 | Vaults:3 | Identified the +10 dagger "Not Ucli" {pierce, MP+9} (You found it on level 3 of the Vaults)
 62091 | Vaults:3 | Got a fine robe
 62102 | Vaults:3 | Identified the +1 robe "Kasmoi" {Str+7} (You found it on level 3 of the Vaults)
 63049 | Vaults:4 | Reached skill level 20 in Shields
 63513 | Vaults:4 | Cast into the Abyss (vault guard)
 63555 | Vaults:4 | Escaped the Abyss
 63750 | Vaults:4 | Lost mutation: Your natural rate of healing is unusually fast. [mutagenic meat]
 63751 | Vaults:4 | Lost mutation: You have a somewhat thin skeletal structure (Dex +2, Stealth). [mutagenic meat]
 63753 | Vaults:4 | Lost mutation: You are weak. (Str -2) [mutagenic meat]
 63754 | Vaults:4 | Gained mutation: Your flesh is very cold resistant. [mutagenic meat]
 63756 | Vaults:4 | Gained mutation: You are dopey. (Int -2) [mutagenic meat]
 63812 | Vaults:5 | Entered Level 5 of the Vaults
 64979 | Vaults:5 | Noticed Wiglaf
 64987 | Vaults:5 | Killed Wiglaf
 64989 | Vaults:5 | Noticed Frederick
 65283 | Vaults:5 | Killed Frederick
 65301 | Vaults:5 | Reached skill level 21 in Shields
 65312 | Vaults:5 | Got a slimy wooden ring
 65411 | Vaults:5 | Noticed Margery
 65421 | Vaults:5 | Killed Margery
 65748 | Vaults:5 | Identified the ring of the Hero {rN+ Str+8} (You took it off a yaktaur captain on level 5 of the Vaults)
 65752 | Vaults:5 | Got a shimmering silver amulet
 65755 | Vaults:5 | Identified the amulet "Tearoxt" {Faith MR++ Str+6 Int-4} (You took it off an ironbrand convoker on level 5 of the Vaults)
 65856 | Vaults:5 | Got a smoking ring mail
 65857 | Vaults:5 | Identified the cursed +0 ring mail "Zeimef" {rN+ Str+3} (You found it on level 5 of the Vaults)
 66172 | Vaults:5 | Got a silver rune of Zot
 66259 | Vaults:5 | Got a bronze swamp dragon armour
 66270 | Vaults:5 | Identified the +7 swamp dragon armour "Biedd" {rPois rCorr} (You found it on level 5 of the Vaults)
 66677 | Vaults:5 | Got a brightly glowing chain mail
 66688 | Vaults:5 | Identified the +7 chain mail of Masochism {*Contam rPois rF+} (You took it off a vault warden on level 5 of the Vaults)
 66777 | Vaults:5 | Got an encrusted plate armour
 66782 | Vaults:5 | Identified the +0 plate armour of the Depths {rF- rCorr Slay+2} (You took it off a vault guard on level 5 of the Vaults)
 66818 | Vaults:4 | Gained mutation: You expend magic power (3 MP) to strengthen your wands. [a shining eye]
 66819 | Vaults:4 | Gained mutation: You are very dopey. (Int -4) [a shining eye]
 66823 | Vaults:4 | Gained mutation: You occasionally shout uncontrollably at your foes. [a shining eye]
 66869 | Vaults:3 | Noticed Jory
 66882 | Vaults:3 | Killed Jory
 67334 | Lair:1   | Learned a level 8 spell: Necromutation
 67651 | Slime:2  | Reached skill level 1 in Necromancy
 67651 | Slime:2  | Reached skill level 1 in Transmutations
 68020 | Slime:1  | Noticed an acid blob
 68026 | Slime:1  | Killed an acid blob
 68067 | Slime:1  | Noticed an acid blob
 68072 | Slime:1  | Killed an acid blob
 68232 | Slime:1  | Reached skill level 5 in Transmutations
 68377 | Slime:2  | Gained mutation: You are clumsy. (Dex -2) [a shining eye]
 68388 | Slime:2  | Gained mutation: Your body sometimes deteriorates upon taking damage. [a shining eye]
 68414 | Slime:2  | Reached skill level 5 in Necromancy
 68897 | Slime:4  | Gained mutation: Scrolls take you a little longer to read. [a shining eye]
 68900 | Slime:4  | Gained mutation: You sometimes yell uncontrollably at your foes. [a shining eye]
 69247 | Slime:5  | Noticed Dissolution
 69259 | Slime:5  | Killed Dissolution
 69426 | Slime:3  | Lost mutation: You have an increased reservoir of magic (+10% MP). [a shining eye]
 70272 | Slime:6  | Entered Level 6 of the Pits of Slime
 70275 | Slime:6  | Gained mutation: Armour fits poorly on your strangely shaped body. [a shining eye]
 70329 | Slime:6  | Noticed brucemayne's ghost (adept DsBe)
 70490 | Slime:6  | Killed brucemayne's ghost
 70673 | Slime:6  | Reached skill level 10 in Transmutations
 70851 | Slime:6  | Found a viscous altar of Jiyva.
 70858 | Slime:6  | Noticed the royal jelly
 70872 | Slime:6  | Killed the royal jelly
 71189 | Slime:6  | Identified the Tome of Aerial Confrontation
 71209 | Slime:6  | Got a slimy rune of Zot
 71267 | Slime:6  | Got a smoking buckler
 71270 | Slime:6  | Identified the +3 buckler of the Armadillo {rCorr Str+4 Int-4} (You found it on level 6 of the Pits of Slime)
 71442 | Slime:6  | Lost mutation: Your body sometimes deteriorates upon taking damage. [potion of cure mutation]
 71442 | Slime:6  | Lost mutation: You are very dopey. (Int -4) [potion of cure mutation]
 71442 | Slime:6  | Lost mutation: Armour fits poorly on your strangely shaped body. [potion of cure mutation]
 71442 | Slime:6  | Lost mutation: You expend magic power (3 MP) to strengthen your wands. [potion of cure mutation]
 71442 | Slime:6  | Lost mutation: You are dopey. (Int -2) [potion of cure mutation]
 71442 | Slime:6  | Lost mutation: You can breathe flames. [potion of cure mutation]
 71443 | Slime:6  | Lost mutation: Your spells are easier to cast, but less powerful. [potion of cure mutation]
 71443 | Slime:6  | Lost mutation: You sometimes yell uncontrollably at your foes. [potion of cure mutation]
 71443 | Slime:6  | Lost mutation: Scrolls take you a little longer to read. [potion of cure mutation]
 71443 | Slime:6  | Lost mutation: You occasionally shout uncontrollably at your foes. [potion of cure mutation]
 71443 | Slime:6  | Lost mutation: You are clumsy. (Dex -2) [potion of cure mutation]
 71510 | Slime:1  | Reached skill level 10 in Necromancy
 72197 | Zot:1    | Entered Level 1 of the Realm of Zot
 73617 | Zot:2    | Found a burning altar of Makhleb.
 75615 | Zot:3    | Reached skill level 15 in Transmutations
 76958 | Zot:4    | Reached skill level 15 in Necromancy
 77228 | Zot:4    | Identified the Volume of Air
 77443 | Zot:3    | Learned a level 6 spell: Deflect Missiles
 78553 | Zot:4    | Got a fine long sword
 78554 | Zot:4    | Identified the +5 long sword of Courage {pain, MR+} (You found it on level 4 of the Realm of Zot)
 78851 | Hell     | Entered the Vestibule of Hell
 78851 | Hell     | Noticed Geryon
 80251 | Hell     | Killed Geryon
 80574 | Hell     | Found a gateway to the Iron City of Dis.
 80647 | Hell     | Found a gateway to the freezing wastes of Cocytus.
 80662 | Coc:1    | Entered Level 1 of Cocytus
 81398 | Coc:7    | Entered Level 7 of Cocytus
 81932 | Coc:7    | Noticed the Serpent of Hell
 82277 | Coc:7    | Killed the Serpent of Hell
 83110 | Coc:7    | Noticed Antaeus
 83654 | Coc:7    | Identified a +6 rod of the swarm (3/14)
 83654 | Coc:7    | Slain by Antaeus

Action                   |  1- 3 |  4- 6 |  7- 9 | 10-12 | 13-15 | 16-18 | 19-21 | 22-24 | 25-27 || total
-------------------------+-------+-------+-------+-------+-------+-------+-------+-------+-------++-------
Melee: War axe           |   107 |   160 |   324 |   310 |       |       |       |       |       ||   901
       Broad axe         |       |       |       |   371 |  1068 |    52 |    15 |       |       ||  1506
       Battleaxe         |       |       |       |       |       |   109 |   154 |   227 |       ||   490
       Executioner's axe |       |       |       |       |       |   880 |  1143 |   957 |  3403 ||  6383
       Staff             |       |       |       |       |       |       |    27 |       |       ||    27
 Cast: Cause Fear        |       |       |       |       |     2 |       |       |       |       ||     2
       Tukima's Dance    |       |       |       |       |       |     5 |     3 |       |       ||     8
       Invisibility      |       |       |       |       |       |     1 |     2 |       |       ||     3
       Song of Slaying   |       |       |       |       |       |       |     1 |       |     1 ||     2
       Repel Missiles    |       |       |       |       |       |       |       |     2 |     4 ||     6
       Necromutation     |       |       |       |       |       |       |       |       |    56 ||    56
Invok: Bend Time         |       |       |       |     3 |    10 |     1 |       |     1 |     5 ||    20
       Slouch            |       |       |       |     1 |     2 |     4 |     5 |     8 |     9 ||    29
       Step From Time    |       |       |       |       |       |     2 |     2 |     1 |     7 ||    12
       Temporal Distorti |       |       |       |       |       |       |     2 |     4 |     9 ||    15
 Abil: Dig               |       |       |     2 |     2 |     5 |    14 |     2 |    13 |    29 ||    67
       Shaft Self        |       |       |       |     1 |       |       |       |       |       ||     1
       End Transformatio |       |       |       |       |       |       |       |       |     2 ||     2
Evoke: Wand              |       |       |       |     3 |     6 |       |    10 |     7 |       ||    26
       Stone of tremors  |       |       |       |       |       |       |       |     1 |       ||     1
       Lamp of fire      |       |       |       |       |       |       |       |       |     1 ||     1
       Phantom mirror    |       |       |       |       |       |       |       |       |     1 ||     1
  Use: Scroll            |     7 |     2 |     6 |    13 |    10 |    12 |     8 |     7 |    22 ||    87
       Potion            |       |       |     2 |     9 |     6 |     6 |     2 |     6 |    18 ||    49
 Stab: Paralysed         |       |       |       |     5 |     2 |       |       |       |       ||     7
       Distracted        |       |       |       |     1 |       |     1 |       |       |     9 ||    11
       Petrified         |       |       |       |       |     1 |     5 |       |       |       ||     6
       Sleeping          |       |       |       |       |       |     2 |       |       |       ||     2
       Invisible         |       |       |       |       |       |    14 |    33 |       |       ||    47
       Petrifying        |       |       |       |       |       |     3 |       |       |       ||     3
  Eat: Chunk             |     1 |     5 |     4 |    23 |    22 |    53 |    21 |    69 |    67 ||   265
       Bread ration      |     1 |       |       |       |       |       |       |     3 |       ||     4
       Beef jerky        |       |       |       |       |       |     1 |     5 |     2 |     4 ||    12
       Pizza             |       |       |       |       |       |       |       |     1 |     2 ||     3
       Royal jelly       |       |       |       |       |       |       |       |     1 |       ||     1
       Meat ration       |       |       |       |       |       |       |       |       |     9 ||     9
